 Dungeon Crawl Stone Soup version 0.18-a0-1353-gf2a912f (webtiles) character file.

54 Oddball22 the Apprentice (level 3, 0/17 HPs)
             Began as a Spriggan Artificer on Feb 19, 2016.
             Was an Initiate of Pakellas.
             Succumbed to an adder's poison
             ... on level 2 of the Dungeon.
             The game lasted 00:04:40 (2197 turns).

Oddball22 the Apprentice (Spriggan Artificer)       Turns: 2197, Time: 00:04:40

Health: 0/17       AC:  2    Str:  7    XL:     3   Next: 66%
Magic:  7/7        EV: 19    Int: 13    God:    Pakellas [......]
Gold:   91         SH:  0    Dex: 17    Spells: 0 memorised, 2 levels left

rFire  + . .     SeeInvis +     a - +0 short sword
rCold  . . .     Gourm    .     b - +0 robe
rNeg   . . .     Faith    .     (shield restricted)
rPois  .         Spirit   .     (helmet restricted)
rElec  .         Dismiss  .     (no cloak)
rCorr  .         Reflect  .     (gloves unavailable)
SustAt .         Harm     .     (boots unavailable)
MR     .....                    (no amulet)
Stlth  +++.......               (no ring)
                                (no ring)

@: lethally poisoned (0 -> -6), very quick, not resistant to hostile
enchantments, fairly stealthy
A: unfitting armour, antennae 1, see invisible, deterioration 1, fire resistance
1, herbivore 3, speed 3, slow metabolism 2
a: Renounce Religion


You were on level 2 of the Dungeon.
You worshipped Pakellas.
Pakellas was noncommittal.
You were not hungry.

You visited 1 branch of the dungeon, and saw 2 of its levels.

You collected 91 gold pieces.

Inventory:

Hand Weapons
 a - a +0 short sword (weapon)
Missiles
 l - 13 poisoned needles
 q - 8 needles of confusion
Armour
 b - a +0 robe (worn)
Wands
 c - a wand of flame (10/48)
 d - a wand of enslavement (15/24)
 e - a wand of random effects (14/48)
Scrolls
 i - a scroll of identify {unknown}
 j - a scroll of blinking {unknown}
 k - a scroll of fear {unknown}
 r - a scroll of recharging {unknown}
Potions
 g - a potion of mutation
 h - a potion of degeneration {unknown}
 m - a potion of heal wounds {unknown}
 o - a potion of magic {unknown}
 p - 2 potions of curing {unknown}
Comestibles
 f - 2 bread rations
 n - 4 fruits


   Skills:
 - Level 0.7 Fighting
 + Level 2.1 Short Blades
 + Level 4.0 Dodging
 + Level 4.0 Stealth
 + Level 4.0 Evocations


You had 2 spell levels left.
You didn't know any spells.

Dungeon Overview and Level Annotations

Branches:
Dungeon (2/15)

Altars:
Kikubaaqudgha
Pakellas

Shops:
D:2 }


Innate Abilities, Weirdness & Mutations

You are tiny and cannot use many weapons and most armour.
You have supernaturally acute eyesight.
You are an herbivore.
You cover ground extremely quickly.
You need consume almost no food.
You have a pair of small antennae on your head.
Your body sometimes deteriorates upon taking damage.
Your flesh is heat resistant.


Message History

The adder closely misses you. The bat misses you. The adder barely misses you.
You closely miss the adder.
The adder is severely wounded.
You feel sick. The bat completely misses you. The bat hits you.
The adder bites you.
You barely miss the adder.
The adder is severely wounded.
The bat completely misses you. The bat closely misses you. The adder bites you.
* * * LOW HITPOINT WARNING * * *
You hit the adder.
The adder is almost dead.
The bat closely misses you. The adder bites you.
* * * LOW HITPOINT WARNING * * *
The adder closely misses you.
Drink which item? (? for menu, Esc to quit)
It was a potion of mutation.
You feel extremely strange. A pair of antennae grows on your head!
You feel yourself wasting away.
You feel resistant to heat.
You die...
Pakellas says: Back to the drawing board!

...............##.. #..###..##.#
...............##....#..#..#.#.##
...............###..###)..###....
...........[...##.#..#..#..#..#..
...............#####...###...###.
...............# .#..#..#..#..#..
.........#####.##...###...###....
.........# #......#..#..#..#..#.#
'####....# #....@###...###...####
.# ###### #...S#b#..# .#..#..#.#
.# ###+###..###...###..##
.######## ###+#####.#..# #.#...
........# #...........## ...#...
#######.####............#.##.....
#.................#####........
#.................#######...>#.
#.......................#.##.#.


You could see an adder and a bat.

Vanquished Creatures
  2 worms (D:2)
  2 giant geckos (D:1)
  A giant cockroach (D:1)
  4 hobgoblins (D:1)
  7 jackals (D:1)
  11 bats (D:1)
  2 giant newts
  5 goblins
  2 kobolds (D:1)
  8 rats (D:1)
44 creatures vanquished.

Notes
Turn   | Place    | Note
--------------------------------------------------------------
     0 | D:1      | Oddball22 the Spriggan Artificer began the quest for the Orb.
     0 | D:1      | Reached XP level 1. HP: 9/9 MP: 4/4
   213 | D:1      | Reached XP level 2. HP: 14/14 MP: 6/6
   900 | D:1      | Reached XP level 3. HP: 17/17 MP: 7/7
  2041 | D:2      | Found an oddly glowing altar of Pakellas.
  2041 | D:2      | Found Pakellas's Prime Provisions.
  2045 | D:2      | Became a worshipper of Pakellas the Inventive
  2105 | D:2      | Found an ancient bone altar of Kikubaaqudgha.
  2197 | D:2      | Gained mutation: You have a pair of small antennae on your head. [potion of mutation]
  2197 | D:2      | Gained mutation: Your body sometimes deteriorates upon taking damage. [potion of mutation]
  2197 | D:2      | Gained mutation: Your flesh is heat resistant. [potion of mutation]
  2197 | D:2      | Succumbed to an adder's poison

Vault maps used:
D:1:      dpeg_arrival_ratfight
D:2:      johnstein_pakellas_shop, cheibriados_altar_1, kennysheep_doodads,
          lemuel_tele_altar

Action                   || total
-------------------------++-------
Melee: Short sword       ||   155
Evoke: Wand              ||     6
  Use: Potion            ||     1
 Stab: Sleeping          ||    14
